 Dungeon Crawl Stone Soup version 0.30-a0-1018-g25214051b3 (webtiles) character file.

Game seed: 16740125851107357111

170 bearlyready the Chopper (level 5, -18/44 HPs)
             Began as an Armataur Berserker on Apr 7, 2023.
             Was a Believer of Trog.
             Demolished by an ogre
             ... wielding a +0 giant club
              (27 damage)
             ... on level 3 of the Dungeon.
             The game lasted 00:03:21 (2800 turns).

bearlyready the Chopper (Armataur Berserker)        Turns: 2800, Time: 00:03:21

Health: -18/44     AC:  6    Str: 24    XL:     5   Next: 26%
Magic:  5/5        EV:  9    Int:  7    God:    Trog [**....]
Gold:   131        SH:  0    Dex: 10    Spells: 4/4 levels left

rFire   . . .      SeeInvis +    a - +0 hand axe
rCold   . . .      Faith    .    (no shield)
rNeg    . . .      Spirit   .    b - +0 animal skin
rPois   .          Reflect  .    j - +0 helmet
rElec   .          Roll     +    (no cloak)
rCorr   .                        g - +0 pair of gloves
Will    .....                    (no barding)
Stlth   +                        (no amulet)
HPRegen 0.27/turn                p - ring of see invisible
MPRegen 0.09/turn                (no ring)

@: no status effects
A: large, rugged brown scales 3, deformed body, armoured tail, roll, long
tongue, awkward tongue
a: Renounce Religion, Berserk, Trog's Hand


You were on level 3 of the Dungeon.
You worshipped Trog.
Trog was pleased with you.
You visited 1 branch of the dungeon, and saw 3 of its levels.

You collected 131 gold pieces.

Inventory:

Hand Weapons
 a - a +0 hand axe (weapon)
 i - a +0 sling
 l - a +0 war axe
Missiles
 n - 4 boomerangs (quivered)
Armour
 b - a +0 animal skin (worn)
 g - a +0 pair of gloves (worn)
 j - a +0 helmet (worn)
Jewellery
 c - a ring of fire
 p - a ring of see invisible (left hand)
Scrolls
 d - 2 scrolls of fear {unknown}
 e - 2 scrolls of poison {unknown}
 h - 6 scrolls of identify {unknown}
 m - 2 scrolls of noise {unknown}
 q - 3 scrolls of teleportation {unknown}
 r - a scroll of fog {unknown}
Potions
 f - 2 potions of attraction {unknown}
 k - 2 potions of curing {unknown}
 o - a potion of heal wounds {unknown}


   Skills:
 - Level 2.6 Fighting
 + Level 5.0 Axes
 - Level 2.4 Armour
 - Level 1.3 Dodging


You had 4 spell levels left.
You didn't know any spells.
Your spell library was empty.

Dungeon Overview and Level Annotations

Branches:
Dungeon (3/15)

Altars:
Gozag
Nemelex Xobeh


Innate Abilities, Weirdness & Mutations

You are completely covered in rugged brown scales. (AC +3, +7% HP)
Armour fits poorly on your strangely shaped body.
You have a long armoured tail.
You roll when moving toward enemies. (Rampage)
Your long tongue fully drains potion bottles. (2x potion effects)
Your tongue gives you trouble enunciating. (1.5x scroll delay)


Message History

The adder is severely wounded.
The adder barely misses you.
You closely miss the adder.
The adder is severely wounded.
The adder closely misses you.
An adder is nearby!
An adder is nearby!
You hit the adder.
The adder is severely wounded.
The adder bites you but does no damage. x2
You closely miss the adder. You tail-slap the adder.
You kill the adder!
Trog accepts your kill.
Your Axes skill increases to level 5!
No target in view!
No target in view!
An ogre comes into view. It is wielding a +0 giant club.
The ogre shouts!
An ogre is nearby!
An ogre is nearby!
You roll towards the ogre!
Throw: 4 boomerangs
Press: ? - help, Q - select action, (/) - cycle Shift-Dir - straight line, f - ogre
Aim: an ogre, wielding a +0 giant club (72% to hit)
You throw a boomerang. The boomerang hits the ogre.
The ogre is lightly wounded.
You hit the ogre.
Your tail-slap misses the ogre.
The ogre is moderately wounded.
The ogre hits you with a +0 giant club!!
You hit the ogre. You tail-slap the ogre.
The ogre is heavily wounded.
You hit the ogre.
The ogre is severely wounded.
The ogre hits you with a +0 giant club!
* * * LOW HITPOINT WARNING * * *
You hit the ogre.
The ogre is severely wounded.
The ogre hits you with a +0 giant club!!
Ouch! That really hurt!
You die...

######## ###
#....... ..#
#.###### #.# #.#
# #.######
##.######
##.$####.##...#
#........
..........O@#.#
#..##.#.#
.....###.##...#
#..##.#.# #..
#.###.##
#........ # #.#
#.# #..##...# ..#
#.#######........
###
#.........####..#
#.######........#
#.# #.#####.##
#.# #.# #.##


You could see an ogre.

Vanquished Creatures
  Jessica (D:3)
  Robin (D:2)
  6 adders
  An orc (D:3)
  7 bats
  9 endoplasms
  4 giant cockroaches
  15 goblins
  8 hobgoblins
  2 jackals (D:1)
  3 quokkas (D:1)
  5 ball pythons
  3 frilled lizards
  6 kobolds
  2 rats
73 creatures vanquished.

Notes
Turn   | Place    | Note
-------+----------+-------------------------------------------
     0 | D:1      | bearlyready the Armataur Berserker began the quest for the
                  | Orb.
     0 | D:1      | Reached XP level 1. HP: 19/19 MP: 1/1
    75 | D:1      | Reached skill level 3 in Axes
    75 | D:1      | Reached XP level 2. HP: 19/26 MP: 2/2
   415 | D:1      | Reached XP level 3. HP: 32/32 MP: 3/3
   436 | D:1      | Reached ** piety under Trog
   490 | D:1      | Found a faded altar of an unknown god.
   490 | D:1      | Noticed a ynoxinul
   897 | D:2      | Noticed Robin
   908 | D:2      | Killed Robin
   909 | D:2      | Reached skill level 4 in Axes
   912 | D:2      | Reached XP level 4. HP: 39/39 MP: 4/4
  2099 | D:3      | Noticed Jessica
  2106 | D:3      | Killed Jessica
  2342 | D:3      | Reached XP level 5. HP: 44/44 MP: 5/5
  2386 | D:3      | Found an opulent altar of Gozag.
  2386 | D:3      | Found a sparkling altar of Nemelex Xobeh.
  2750 | D:3      | Reached skill level 5 in Axes
  2790 | D:3      | Noticed an ogre
  2800 | D:3      | Demolished by an ogre

Illustrated notes

Levels and vault maps discovered:
D:1:      dpeg_arrival_refuge, layout_loops_ring,
          dreamdust_ecumenical_altar_sealed_demon
D:2:      layout_basic, serial_co_window_serial, co_window_of_opportunity_a,
          co_window_corner_a, co_window_corner_a, co_window_paths_b,
          co_window_corner_a, co_window_corner_a, co_window_corner_a,
          co_window_corner_b, co_window_cross_2, co_window_2corner,
          co_window_unsneaky_path_e, co_window_corner_cb, co_window_cross_4,
          co_window_corner_cb, glass_columns_a, glass_columns_a,
          glass_columns_c, glass_columns_a, small_statue_intersection,
          uniq_robin
D:3:      layout_loops_corners, grunt_temple_overflow_opulence,
          hangedman_decor_slide_cut, uniq_jessica

Skill      XL: |  1  2  3  4  5 |
---------------+----------------+-----
Axes           | 3 4 5 |  5.0
Fighting       | |  2.6
Armour         | |  2.4
Dodging        | |  1.3

Action                     |  1- 3 |  4- 6 || total
---------------------------+-------+-------++-------
  Melee: Hand axe          |    89 |    88 ||   177
         Tailslap          |     7 |    11 ||    18
         Punch             |       |     1 ||     1
  Throw: Boomerang         |       |     1 ||     1
 Invoke: Berserk           |     2 |       ||     2
         Trog's Hand       |     1 |       ||     1
    Use: Potion            |     1 |       ||     1
   Stab: Sleeping          |       |     2 ||     2
 Armour: Animal skin       |    29 |    31 ||    60
  Dodge: Dodged            |    48 |    35 ||    83

Table legend: (Time is in decaauts)
 A = Elapsed time spent in this place.
 B = Non-inter-level travel time spent in this place.
 C = Inter-level travel time spent in this place.
 D = Time resting spent in this place.
 E = Time spent auto-exploring this place.
 F = Levels seen in this place.
 G = Mean time per level.
                   A        B        C        D        E       F      G
               +--------+--------+--------+--------+--------+-----+--------+
         Total |   2832 |   2753 |     79 |      0 |   2320 |   3 |  944.0 |
       Dungeon |   2832 |   2753 |     79 |      0 |   2320 |   3 |  944.0 |
               +--------+--------+--------+--------+--------+-----+--------+

Top non-repeatable levels by time:
     D:2: 1311 daAuts
     D:1: 793 daAuts
     D:3: 727 daAuts
